 Dungeon Crawl Stone Soup version 0.31.0-9-g3a7656b989 (webtiles) character file.

Game seed: 17494459996445711013

448 qw the Shooter (level 6, -1/30 HPs)
             Began as a Spriggan Hunter on Feb 2, 2024.
             Incinerated by a bombardier beetle (4 damage)
             ... with a burning spray
             ... on level 4 of the Dungeon.
             The game lasted 00:00:13 (2752 turns).

qw the Shooter (Spriggan Hunter)                    Turns: 2752, Time: 00:00:13

Health: -1/30      AC:  2    Str:  7    XL:     6   Next: 73%
Magic:  7/7        EV: 21    Int: 11    God:
Gold:   394        SH:  0    Dex: 20    Spells: 5/5 levels left

rFire   . . .        a - +0 shortbow
rCold   . . .        (shield currently unavailable)
rNeg    . . .        c - +0 robe
rPois   .            (helmet restricted)
rElec   .            (no cloak)
rCorr   .            (gloves unavailable)
SInv    +            (boots unavailable)
Will    ++...        (no amulet)
Stlth   +            h - ring of willpower
HPRegen 0.25/turn    (no ring)
MPRegen 0.10/turn

%: no passive effects
@: lethally poisoned (-1 -> -3), on fire, glowing, very quick
A: very small, no large weapons, unfitting armour, see invisible, speed 3
a: no special abilities


You were on level 4 of the Dungeon.
You visited 1 branch of the dungeon, and saw 4 of its levels.

You collected 394 gold pieces.


Innate Abilities, Weirdness & Mutations

You are very small and have problems with some larger weapons.
You are too small for most types of armour.
You have supernaturally acute eyesight. (SInv)
You cover ground extremely quickly. (Speed+++)


   Skills:
 - Level 2.3 Fighting
 + Level 6.5 Ranged Weapons
 - Level 6.2 Dodging
 - Level 1.5 Stealth


You had 5 spell levels left.
You didn't know any spells.
Your spell library was empty.

Inventory:

Hand Weapons
 a - a +0 shortbow (weapon)
Armour
 c - a +0 robe (worn)
Jewellery
 h - a ring of willpower (left hand)
Scrolls
 b - a scroll of fog {unknown}
Potions
 d - a potion of curing
 e - a potion of mutation {unknown}
 f - a potion of enlightenment
 i - a potion of cancellation

Dungeon Overview and Level Annotations

Branches:
Dungeon (4/15)
 Temple: D:4-7

Altars:
Trog


Message History

You shoot an arrow. The arrow hits the scorpion.
The scorpion is almost dead.
The scorpion stings you.
You are poisoned.
The scorpion poisons you! The scorpion completely misses you.
You shoot an arrow. The arrow hits the scorpion!
You kill the scorpion!
You feel very sick.
You shoot an arrow. The arrow hits the kobold!
You kill the kobold!
You feel sick.
The bombardier beetle sprays incendiary fluid at you.
The burning spray hits you.
You are covered in liquid fire!
You shoot an arrow. The arrow hits the bombardier beetle.
The bombardier beetle is moderately wounded.
The liquid fire burns you!
You feel sick.
You shoot an arrow.
The arrow hits the bombardier beetle but does no damage.
The bombardier beetle is moderately wounded.
The liquid fire burns you!
You feel sick.
The bombardier beetle sprays incendiary fluid at you.
The burning spray hits you.
You are even more covered in liquid fire!
You shoot an arrow.
The arrow hits the bombardier beetle but does no damage.
The bombardier beetle is moderately wounded.
The liquid fire burns you!
You feel sick.
You shoot an arrow. The arrow hits the bombardier beetle.
The bombardier beetle is severely wounded.
The liquid fire burns you!
You feel sick.
You shoot an arrow.
The arrow hits the bombardier beetle but does no damage.
The bombardier beetle is severely wounded.
The liquid fire burns you!
You die...

..............## #.........#..
####'####.#####.$.$.#########+###
####.#########...$..)#
......#......#....$..
......#......# ..$..
......#......# .$.$
####..#....).# #%. ..##..#......#
#B# ..##..#...%..###@###
..##..####)#'#...%.### ..######
#.#.........#
.##....###.#.........#
##......##.#.........#
#........'.#.........#
').......#.#.........#
'.)......#.#.........#
#..).....#)###.....###


You could see a bombardier beetle.

Vanquished Creatures
  A phantom (D:4)
  A scorpion (D:4)
  A howler monkey (D:4)
  A hound (D:4)
  2 iguanas (D:4)
  An orc wizard (D:4)
  7 adders
  2 ribbon worms
  10 orcs
  4 endoplasms
  6 giant cockroaches
  10 goblins
  7 hobgoblins
  11 jackals
  2 quokkas (D:1)
  4 ball pythons
  9 bats
  4 frilled lizards (D:1)
  10 kobolds
  4 rats (D:3)
97 creatures vanquished.

Notes
Turn   | Place    | Note
-------+----------+-------------------------------------------
     0 | D:1      | qw the Spriggan Hunter began the quest for the Orb.
     0 | D:1      | Reached XP level 1. HP: 10/10 MP: 2/2
     0 | D:1      | 0 ||| qw: Version: 0.3-a-155-g5e7d8dd
     0 | D:1      | 0 ||| qw: Game counter: 562
     0 | D:1      | 0 ||| qw: Melee chars always use a shield: true
     0 | D:1      | 0 ||| qw: God list: Okawaru
     0 | D:1      | 0 ||| qw: Allow faded altars: false
     0 | D:1      | 0 ||| qw: Do Orc after clearing Dungeon:15 true
     0 | D:1      | 0 ||| qw: Do second Lair branch before Depths: true
     0 | D:1      | 0 ||| qw: Lair rune preference: random
     0 | D:1      | 0 ||| qw: Goals: Normal
     0 | D:1      | 0 ||| PLANNING D:1-11
    28 | D:1      | Reached skill level 3 in Dodging
   105 | D:1      | Reached XP level 2. HP: 14/14 MP: 3/3
   394 | D:1      | Reached XP level 3. HP: 18/18 MP: 4/4
   660 | D:1      | 660 ||| UPGRADING to ring of willpower.
   661 | D:1      | 661 ||| READING scroll labelled ENO WOGOIRYO.
   762 | D:1      | 762 ||| DROPPING scroll of butterflies.
   962 | D:2      | Found a faded altar of an unknown god.
  1266 | D:2      | Reached XP level 4. HP: 22/22 MP: 5/5
  1279 | D:2      | Identified the +7 mace "Leviticus" {freeze, *Noise rN+
                  | Will+ Str+2}
  1280 | D:2      | 1280 ||| READING scroll labelled NIMOTH ICOLATSU.
  1281 | D:2      | 1281 ||| READING scroll labelled SAKETU HILIBBU.
  1601 | D:3      | 1601 ||| READING 3 scrolls labelled SEYTON PEKK.
  1601 | D:3      | 1601 ||| IDENTIFYING grey potion
  1602 | D:3      | 1602 ||| READING 2 scrolls of identify.
  1602 | D:3      | 1602 ||| IDENTIFYING coppery potion
  1603 | D:3      | 1603 ||| READING scroll of identify.
  1603 | D:3      | 1603 ||| IDENTIFYING sedimented black potion
  1604 | D:3      | 1604 ||| READING 2 scrolls labelled PACVAOH XITHE.
  1626 | D:3      | 1626 ||| FLEEEEING.
  1627 | D:3      | 1627 ||| FLEEEEING.
  1628 | D:3      | 1628 ||| FLEEEEING.
  1629 | D:3      | 1629 ||| FLEEEEING.
  1631 | D:3      | 1631 ||| FLEEEEING.
  1632 | D:3      | 1632 ||| FLEEEEING.
  1634 | D:3      | 1634 ||| FLEEEEING.
  1635 | D:3      | 1635 ||| FLEEEEING.
  1636 | D:3      | 1636 ||| FLEEEEING.
  1638 | D:3      | 1638 ||| FLEEEEING.
  1639 | D:3      | 1639 ||| STAIRDANCE
  1650 | D:2      | 1650 ||| DRINKING 2 lumpy yellow potions.
  1651 | D:2      | 1651 ||| DROPPING potion of brilliance.
  1652 | D:2      | 1652 ||| DROPPING potion of degeneration.
  1653 | D:2      | 1653 ||| DROPPING scroll of torment.
  2102 | D:3      | 2102 ||| READING scroll of identify.
  2102 | D:3      | 2102 ||| IDENTIFYING fuming inky potion
  2103 | D:3      | 2103 ||| READING scroll labelled SIHENALLUX.
  2104 | D:3      | 2104 ||| READING scroll labelled OKHELIEPNY.
  2107 | D:3      | 2107 ||| READING scroll labelled CUSAAXTATOFO.
  2140 | D:4      | Reached XP level 5. HP: 26/26 MP: 6/6
  2232 | D:4      | Found a bloodstained altar of Trog.
  2328 | D:4      | Noticed a phantom
  2352 | D:4      | Killed a phantom
  2353 | D:4      | Reached skill level 6 in Ranged Weapons
  2353 | D:4      | Reached XP level 6. HP: 10/30 MP: 7/7
  2472 | D:4      | HP: 7/30 [iguana (10)]
  2744 | D:4      | Reached skill level 6 in Dodging
  2750 | D:4      | HP: 7/30 [burnt (5)]
  2751 | D:4      | HP: 3/30 [burnt (3)]
  2752 | D:4      | Incinerated by a bombardier beetle

Levels and vault maps discovered:
D:1:      grunt_arrival_crossed_arrows, layout_basic, minmay_misc_feat_tiny,
          kennysheep_flooded_box
D:2:      layout_basic, shapermc_ecumenical_altar_venn,
          kennysheep_generic_room_7
D:3:      minmay_general_purpose_star, layout_loops_ring
D:4:      minmay_polygon_palace, layout_gridville, mainiacjoe_overflow_catwalk,
          xom_butterflies, trog_three_pillars_becter

Skill      XL: |  1  2  3  4  5  6 |
---------------+-------------------+-----
Dodging        | 3 4 5 6 |  6.2
Ranged Weapons | 5 6 |  6.5
Fighting       | 2 |  2.3
Stealth        | |  1.5

Action                     |  1- 3 |  4- 6 || total
---------------------------+-------+-------++-------
   Fire: Shortbow          |   125 |   177 ||   302
    Use: Scroll            |     1 |    10 ||    11
         Potion            |       |     1 ||     1
 Armour: Robe              |     6 |    26 ||    32
  Dodge: Dodged            |    38 |    84 ||   122

Table legend:
 A = Non-vault XP
 B = Vault XP
 C = Vault XP percentage of total XP
 D = Non-vault monster count
 E = Vault monster count
 F = Vault count percentage of total count
                 A         B        C        D         E       F
            +---------+---------+-------+---------+---------+-------
      Total |     245 |     395 |  61.7 |      74 |      23 |  23.7
            +---------+---------+-------+---------+---------+-------
        D:1 |      48 |       0 |   0.0 |      29 |       0 |   0.0
        D:2 |      40 |      13 |  24.5 |      15 |       1 |   6.2
        D:3 |      53 |      17 |  24.3 |      20 |       4 |  16.7
        D:4 |     104 |     365 |  77.8 |      10 |      18 |  64.3
            +---------+---------+-------+---------+---------+-------
